 Dungeon Crawl Stone Soup version 0.32-a0-473-gd044c6f0f0 (webtiles) character file.

Game seed: 13748555755711966138

144 cforsyth the Trooper (level 5, 0/55 HPs)
             Began as a Coglin Gladiator on Feb 25, 2024.
             Was a Believer of Hepliaklqana.
             Incinerated by a bombardier beetle (4 damage)
             ... with a burning spray
             ... on level 4 of the Dungeon.
             The game lasted 00:03:26 (2161 turns).

cforsyth the Trooper (Coglin Gladiator)             Turns: 2161, Time: 00:03:26

Health: 0/55       AC: 22    Str: 17    XL:     5   Next: 27%
Magic:  5/5        EV:  2    Int:  7    God:    Hepliaklqana [**....]
Gold:   232        SH:  0    Dex: 15    Spells: 4/4 levels left

rFire   . . .        a - +0 war axe {Qiu}
rCold   . . .        (no shield)
rNeg    . . .        b - melded +0 leather armour
rPois   +            c - melded +0 helmet
rElec   .            (cloak currently unavailable)
rCorr   .            (gloves currently unavailable)
SInv    .            (boots currently unavailable)
Will    .....        (no amulet)
Stlth   +            (no ring)
HPRegen 0.29/turn    (no ring)
MPRegen 0.09/turn

%: no passive effects
@: on fire, tree-form (expiring), glowing
A: stationary, stasis, torment immunity, boosted hp, reduced essence, off-hand
wielding, slow wielding, warmup strikes, (no rings)
a: Renounce Religion, Ancestor Life: Knight, Ancestor Life: Battlemage, Ancestor
Life: Hexer, Recall Ancestor, Ancestor Identity


You were on level 4 of the Dungeon.
You worshipped Hepliaklqana.
Hepliaklqana was pleased with you.
You were a tree.
You visited 1 branch of the dungeon, and saw 4 of its levels.

You collected 232 gold pieces.


Innate Abilities, Weirdness & Mutations

You are a tree.
Your roots penetrate the ground, keeping you stationary.
You cannot be teleported.
You are immune to unholy pain and torment.
Your maximum health is greatly increased.
Your equipment is partially melded.
Your life essence is reduced to manifest your ancestor. (-10% HP)
You can wield a second weapon in your off-hand.
It takes a long time for you to wield or remove held weapons.
Your first few attacks do less damage.
((Your grasper-arms cannot wear rings.))


   Skills:
 + Level 3.9 Fighting
 - Level 3.0 Axes
 - Level 1.7 Throwing
 + Level 2.9 Armour
 - Level 2.6 Dodging


You had 4 spell levels left.
You didn't know any spells.
Your spell library contained the following spells:

 Spells                   Type           Power      Damage    Failure   Level
 Magic Dart               Conj           0%         1d3       43%         1
 Mercury Vapours          Alch/Air       0%         N/A       56%         2
 Searing Ray              Conj           0%         2d4       56%         2
 Mephitic Cloud           Conj/Alch/Air  0%         N/A       80%         3
 Fulminant Prism          Conj/Alch      0%         3d5       99%         4
 Freezing Cloud           Conj/Ice/Air   0%         6-21      100%        5

Inventory:

Hand Weapons
 a - a +0 war axe (weapon) {Qiu}
Missiles
 d - 3 throwing nets (quivered) {=f}
 e - a javelin
Armour
 b - a +0 leather armour (melded)
 c - a +0 helmet (melded)
Magical Staves
 k - a staff of earth {!a}
Wands
 m - a wand of roots (8)
 p - a wand of flame (15)
Scrolls
 g - 2 scrolls of identify {unknown}
 i - 3 scrolls of vulnerability {unknown}
 l - 2 scrolls of teleportation {unknown}
 o - a scroll of fear {unknown}
 q - a scroll of revelation {unknown}
 r - a scroll of amnesia {unknown}
Potions
 j - a potion of lignification
 n - a potion of enlightenment {unknown}

Dungeon Overview and Level Annotations

Branches:
Dungeon (4/15)
 Temple: D:4-7

Altars:
Hepliaklqana

#..# #......#.#
#..# #......# .
#.## ..... #.#
...... #.#
.#....
#.####....#
#.##.....#
#.##R..# #.#.♣#
#.#†.# #...##
#.........#
#........<#
#.........#
.............
..............
.............#▒


You could see the friendly Simoc the ancestor.


Message History

Unknown command.
Unknown command.
The liquid fire burns you!
* * * LOW HITPOINT WARNING * * *
You feel less invigorated.
You feel less confused.
Unknown command.
Unknown command.
The liquid fire burns you!
* * * LOW HITPOINT WARNING * * *
The liquid fire burns you!
* * * LOW HITPOINT WARNING * * *
The liquid fire burns you!
* * * LOW HITPOINT WARNING * * *
The liquid fire burns you!
* * * LOW HITPOINT WARNING * * *
You feel better. The liquid fire burns you!
* * * LOW HITPOINT WARNING * * *
Your transformation is almost over.
The liquid fire burns you!
* * * LOW HITPOINT WARNING * * *
You feel better. The liquid fire burns you!
* * * LOW HITPOINT WARNING * * *
The liquid fire burns you!
* * * LOW HITPOINT WARNING * * *
The liquid fire burns you!
You die...
Hepliaklqana delivers you to your ancestors.

Skill      XL: |  1  2  3 |
---------------+----------+-----
Armour         | 1 2 |  2.9
Fighting       | 3 |  3.9
Axes           | |  3.0
Throwing       | |  1.7
Dodging        | |  2.6

Action                     |  1- 3 |  4- 6 || total
---------------------------+-------+-------++-------
  Melee: War axe           |   102 |    27 ||   129
 Invoke: Recall Ancestor   |     1 |       ||     1
    Use: Potion            |     1 |     4 ||     5
   Stab: Sleeping          |     1 |       ||     1
 Armour: Leather armour    |    67 |    19 ||    86
  Dodge: Dodged            |    80 |    26 ||   106

Levels and vault maps discovered:
D:1:      dpeg_arrival_arbitrary_b, layout_rooms
D:2:      layout_basic, shapermc_ecumenical_altar_starsandcircs,
          minmay_misc_feat_alley, amethyst_killhole
D:3:      layout_rooms
D:4:      layout_rooms, grunt_temple_overflow_open, st_stairs_8,
          minmay_misc_feat_rugged, kennysheep_generic_room_11, uniq_natasha

Notes
Turn   | Place    | Note
-------+----------+-------------------------------------------
     0 | D:1      | cforsyth the Coglin Gladiator began the quest for the Orb.
     0 | D:1      | Reached XP level 1. HP: 16/16 MP: 1/1
   166 | D:1      | Reached XP level 2. HP: 22/23 MP: 2/2
   169 | D:1      | Reached skill level 1 in Armour
   544 | D:2      | Found a faded altar of an unknown god.
   600 | D:2      | Prayed at the altar of an unknown god.
   600 | D:2      | Became a worshipper of Hepliaklqana the Forgotten
   600 | D:2      | Reached * piety under Hepliaklqana
   653 | D:2      | You fall into a shaft and drop 1 floor!
   761 | D:3      | Reached XP level 3. HP: 23/25 MP: 3/3
  1315 | D:2      | Reached ** piety under Hepliaklqana
  1357 | D:2      | Reached skill level 3 in Fighting
  1578 | D:2      | Reached skill level 2 in Armour
  1904 | D:4      | Reached XP level 4. HP: 31/31 MP: 4/4
  2104 | D:4      | Noticed Natasha
  2109 | D:4      | Killed Natasha
  2146 | D:4      | Reached XP level 5. HP: 10/37 MP: 5/5
  2156 | D:4      | HP: 2/55 [burnt (4)]
  2161 | D:4      | Incinerated by a bombardier beetle

Vanquished Creatures
  A bombardier beetle (D:4)
  Natasha (D:4)
  A gnoll (D:4)
  A dart slug (D:2)
  2 ribbon worms (D:2)
  An orc (D:3)
  A bat (D:2)
  5 endoplasms
  4 giant cockroaches
  A goblin (D:1)
  3 hobgoblins (D:2)
  3 quokkas
  3 ball pythons
  4 frilled lizards
  4 kobolds
  4 rats
39 creatures vanquished.

Vanquished Creatures (collateral kills)
  2 adders
  A ribbon worm (D:2)
  A ball python (D:4)
  2 endoplasms
  A giant cockroach (D:4)
  2 jackals (D:4)
  A bat (D:2)
10 creatures vanquished.

Grand Total: 49 creatures vanquished

Table legend: (Time is in decaauts)
 A = Elapsed time spent in this place.
 B = Non-inter-level travel time spent in this place.
 C = Inter-level travel time spent in this place.
 D = Time resting spent in this place.
 E = Time spent auto-exploring this place.
 F = Levels seen in this place.
 G = Mean time per level.
                   A        B        C        D        E       F      G
               +--------+--------+--------+--------+--------+-----+--------+
         Total |   2207 |   2115 |     92 |     43 |   1597 |   4 |  551.8 |
       Dungeon |   2207 |   2115 |     92 |     43 |   1597 |   4 |  551.8 |
               +--------+--------+--------+--------+--------+-----+--------+

Top non-repeatable levels by time:
     D:2: 947 daAuts
     D:3: 541 daAuts
     D:1: 492 daAuts
     D:4: 226 daAuts

Table legend:
 A = Non-vault XP
 B = Vault XP
 C = Vault XP percentage of total XP
 D = Non-vault monster count
 E = Vault monster count
 F = Vault count percentage of total count
                 A         B        C        D         E       F
            +---------+---------+-------+---------+---------+-------
      Total |     169 |      38 |  18.4 |      47 |       2 |   4.1
            +---------+---------+-------+---------+---------+-------
        D:1 |      15 |       0 |   0.0 |      10 |       0 |   0.0
        D:2 |      53 |       0 |   0.0 |      20 |       0 |   0.0
        D:3 |      12 |       0 |   0.0 |       7 |       0 |   0.0
        D:4 |      89 |      38 |  29.9 |      10 |       2 |  16.7
            +---------+---------+-------+---------+---------+-------
